TOP OF THE 1ST |
Evans HS Knights batting - Pitching for Bishop Verot HS : RHP Joe Watson
|
Pitching: RHP Joe Watson
|
|
Batting: LHB Gerald Murphy
|
0-0: Ground out 4-3 (Groundball, 4)
|
Batting: RHB Harvey Mawhinney
|
0-0: Foul Ball, location: 2F 0-1: Ground out 6-3 (Groundball, 6M)
|
Batting: SHB Bryan Atkins
|
0-0: Called Strike 0-1: Fly out, F5 (Popup, 5L)
|
Top of the 1st over - 0 run(s), 0 hit(s), 0 error(s), 0 left on base; Evans HS 0 - Bishop Verot HS 0 |
BOTTOM OF THE 1ST |
Bishop Verot HS batting - Pitching for Evans HS Knights : LHP Vincent Pitts
|
Pitching: LHP Vincent Pitts
|
|
Batting: LHB Jim Hall
|
0-0: Called Strike 0-1: Swinging Strike 0-2: Ball 1-2: Strikes out swinging
|
Batting: LHB Pedro Padilla
|
0-0: Called Strike 0-1: Ball 1-1: Swinging Strike 1-2: Strikes out looking
|
Batting: RHB Bob Fitzgerald
|
0-0: Called Strike 0-1: Ball 1-1: Ball 2-1: Swinging Strike 2-2: Ball 3-2: Fly out, F9 (Flyball, 89XD)
|
Bottom of the 1st over - 0 run(s), 0 hit(s), 0 error(s), 0 left on base; Evans HS 0 - Bishop Verot HS 0 |
TOP OF THE 2ND |
Evans HS Knights batting - Pitching for Bishop Verot HS : RHP Joe Watson
|
Batting: LHB Quinn Webb
|
0-0: Foul Ball, location: 2F 0-1: Ball 1-1: Fly out, F7 (Flyball, 7LM)
|
Batting: SHB Brandon Hathaway
|
0-0: Ball 1-0: Called Strike 1-1: Foul Ball, location: 2F 1-2: Foul Ball, location: 2F 1-2: Strikes out swinging
|
Batting: RHB Rafael Martínez
|
0-0: Ball 1-0: Ball 2-0: Ball 3-0: Base on Balls
|
Batting: RHB Tim Lee
|
0-0: Ball 1-0: Ball 2-0: Foul Ball, location: 2F 2-1: Fly out, F9 (Flyball, 9M)
|
Top of the 2nd over - 0 run(s), 0 hit(s), 0 error(s), 1 left on base; Evans HS 0 - Bishop Verot HS 0 |
BOTTOM OF THE 2ND |
Bishop Verot HS batting - Pitching for Evans HS Knights : LHP Vincent Pitts
|
Batting: RHB Stuart Mitchell
|
0-0: SOLO HOME RUN (Flyball, 89XD), Distance : 385 ft
|
Batting: RHB Brian Bailey
|
0-0: Called Strike 0-1: Ball 1-1: Foul Ball, location: 2F 1-2: Ball 2-2: Ball 3-2: SINGLE (Line Drive, 89S)
|
Batting: RHB Chris Seals
|
0-0: Called Strike 0-1: Called Strike 0-2: SINGLE (Flyball, 4MD) Brian Bailey to second Runner from 2nd tries for 3rd, SAFE, throw made to third
|
Batting: RHB Carlos Sánchez
|
0-0: Ball 1-0: Ball 2-0: Foul Ball, location: 2F 2-1: Swinging Strike 2-2: Foul Ball, location: 2F 2-2: Foul Ball, location: 2F 2-2: Ball 3-2: Foul Ball, location: 2F 3-2: Strikes out swinging
|
Batting: RHB George Lutz
|
0-0: Called Strike Chris Seals steals 2nd base 0-1: Ball 1-1: 3-RUN HOME RUN (Line Drive, 78XD), Distance : 421 ft
|
Batting: RHB Carson Allen
|
0-0: SOLO HOME RUN (Flyball, 9D), Distance : 370 ft
|
Batting: LHB Jim Hall
|
0-0: Ball 1-0: Called Strike 1-1: Foul Ball, location: 2F 1-2: Ball 2-2: Strikes out looking
|
Batting: LHB Pedro Padilla
|
0-0: Ball 1-0: Called Strike 1-1: Foul Ball, location: 2F 1-2: Foul Ball, location: 2F 1-2: Ball 2-2: Ball 3-2: Base on Balls
|
Batting: RHB Bob Fitzgerald
|
0-0: Called Strike 0-1: SINGLE (Line Drive, 9LM) Pedro Padilla to second
|
Batting: RHB Stuart Mitchell
|
0-0: Fielders Choice at 2nd, 6-4 (Groundball, 6)
|
Bottom of the 2nd over - 5 run(s), 6 hit(s), 0 error(s), 1 left on base; Evans HS 0 - Bishop Verot HS 5 |
TOP OF THE 3RD |
Evans HS Knights batting - Pitching for Bishop Verot HS : RHP Joe Watson
|
Batting: LHB Nick Weber
|
0-0: Foul Ball, location: 2F 0-1: Ball 1-1: Ball 2-1: Ball 3-1: Base on Balls
|
Batting: LHB Billy Raymond
|
0-0: Ball 1-0: Called Strike 1-1: Called Strike 1-2: Strikes out swinging
|
Batting: LHB Gerald Murphy
|
0-0: Ball 1-0: Swinging Strike 1-1: Fly out, F2 (Popup, 25F)
|
Batting: RHB Harvey Mawhinney
|
0-0: Ball 1-0: Ball 2-0: Called Strike 2-1: Foul Ball, location: 2F 2-2: Ball 3-2: Strikes out swinging
|
Top of the 3rd over - 0 run(s), 0 hit(s), 0 error(s), 1 left on base; Evans HS 0 - Bishop Verot HS 5 |
BOTTOM OF THE 3RD |
Bishop Verot HS batting - Pitching for Evans HS Knights : LHP Vincent Pitts
|
Batting: RHB Brian Bailey
|
0-0: Foul Ball, location: 2F 0-1: Foul Ball, location: 2F 0-2: Strikes out swinging
|
Batting: RHB Chris Seals
|
0-0: Called Strike 0-1: Ball 1-1: Ball 2-1: Fly out, F9 (Line Drive, 89M)
|
Batting: RHB Carlos Sánchez
|
0-0: Called Strike 0-1: Ball 1-1: Swinging Strike Error on foul ball, E2 1-2: Foul Ball, location: 2F 1-2: Foul Ball, location: 2F 1-2: SINGLE (Groundball, 25) (infield hit)
|
Batting: RHB George Lutz
|
0-0: Ball 1-0: Ball 2-0: Ball 3-0: Base on Balls Carlos Sánchez to second
|
Batting: RHB Carson Allen
|
0-0: Ball 1-0: Ball 2-0: SINGLE (Flyball, 7LM) Carlos Sánchez to third George Lutz to second Runner from 3rd tries for Home, SAFE, no throw or cutoff
|
Batting: LHB Jim Hall
|
0-0: Ball 1-0: Fly out, F7 (Flyball, 7M)
|
Bottom of the 3rd over - 1 run(s), 2 hit(s), 1 error(s), 2 left on base; Evans HS 0 - Bishop Verot HS 6 |
TOP OF THE 4TH |
Evans HS Knights batting - Pitching for Bishop Verot HS : RHP Joe Watson
|
Batting: SHB Bryan Atkins
|
0-0: Called Strike 0-1: Fly out, F7 (Flyball, 78XD)
|
Batting: LHB Quinn Webb
|
0-0: Foul Ball, location: 2F 0-1: Called Strike 0-2: Ball 1-2: Foul Ball, location: 2F 1-2: Strikes out looking
|
Batting: SHB Brandon Hathaway
|
0-0: Called Strike 0-1: Foul Ball, location: 2F 0-2: Ball 1-2: Fly out, F7 (Flyball, 78S)
|
Top of the 4th over - 0 run(s), 0 hit(s), 0 error(s), 0 left on base; Evans HS 0 - Bishop Verot HS 6 |
BOTTOM OF THE 4TH |
Bishop Verot HS batting - Pitching for Evans HS Knights : LHP Vincent Pitts
|
Batting: LHB Pedro Padilla
|
0-0: Called Strike 0-1: Foul Ball, location: 2F 0-2: Ball 1-2: Foul Ball, location: 2F 1-2: Ball 2-2: Strikes out swinging
|
Pitching: RHP Rob Beck
|
|
Batting: RHB Bob Fitzgerald
|
0-0: Ball 1-0: Ball 2-0: Foul Ball, location: 2F 2-1: Ball 3-1: Base on Balls
|
Batting: RHB Stuart Mitchell
|
Pickoff Throw to First - Out! 0-0: Called Strike 0-1: Swinging Strike 0-2: Strikes out swinging
|
Bottom of the 4th over - 0 run(s), 0 hit(s), 0 error(s), 0 left on base; Evans HS 0 - Bishop Verot HS 6 |
TOP OF THE 5TH |
Evans HS Knights batting - Pitching for Bishop Verot HS : RHP Joe Watson
|
Batting: RHB Rafael Martínez
|
0-0: Ball 1-0: Ball 2-0: SOLO HOME RUN (Flyball, 78XD), Distance : 407 ft
|
Batting: RHB Tim Lee
|
0-0: Ball 1-0: Fly out, F9 (Flyball, 9S)
|
Batting: LHB Nick Weber
|
0-0: Foul Ball, location: 2F 0-1: SINGLE (Line Drive, 89S)
|
Batting: LHB Billy Raymond
|
0-0: SINGLE (Line Drive, 34D) Nick Weber to second
|
Batting: LHB Gerald Murphy
|
0-0: Swinging Strike 0-1: Foul Ball, location: 2F 0-2: Foul Ball, location: 2F 0-2: Ball 1-2: Strikes out swinging
|
Batting: RHB Harvey Mawhinney
|
0-0: Ball 1-0: Ball 2-0: Ball 3-0: Called Strike 3-1: Base on Balls Nick Weber to third Billy Raymond to second
|
Batting: SHB Bryan Atkins
|
0-0: Ball 1-0: Ball 2-0: Called Strike 2-1: Fly out, F2 (Popup, 2LF)
|
Top of the 5th over - 1 run(s), 3 hit(s), 0 error(s), 3 left on base; Evans HS 1 - Bishop Verot HS 6 |
BOTTOM OF THE 5TH |
Bishop Verot HS batting - Pitching for Evans HS Knights : RHP Rob Beck
|
Batting: RHB Brian Bailey
|
0-0: Ball 1-0: SINGLE (Line Drive, 8RS)
|
Batting: RHB Chris Seals
|
0-0: Ball 1-0: Swinging Strike 1-1: SINGLE (Line Drive, 78S) Brian Bailey to second
|
Batting: RHB Carlos Sánchez
|
0-0: SINGLE (Line Drive, 34) Brian Bailey to third Chris Seals to second
|
Batting: RHB George Lutz
|
0-0: Ball 1-0: Ball 2-0: Foul Ball, location: 2F 2-1: Fly out, F9 (Flyball, 9M)
|
Batting: RHB Carson Allen
|
0-0: SINGLE (Groundball, 6MD) Brian Bailey scores Chris Seals to third Carlos Sánchez to second
|
Batting: LHB Jim Hall
|
0-0: Fly out, F8 (Line Drive, 8RS)
|
Batting: LHB Pedro Padilla
|
0-0: Ball 1-0: Ball 2-0: Called Strike 2-1: SINGLE (Groundball, 34D) (infield hit) Chris Seals scores Carlos Sánchez to third Carson Allen to second
|
Batting: RHB Bob Fitzgerald
|
0-0: Ball 1-0: Called Strike 1-1: Fly out, F5 (Line Drive, 56)
|
Bottom of the 5th over - 2 run(s), 5 hit(s), 0 error(s), 3 left on base; Evans HS 1 - Bishop Verot HS 8 |
TOP OF THE 6TH |
Evans HS Knights batting - Pitching for Bishop Verot HS : RHP Joe Watson
|
Batting: LHB Quinn Webb
|
0-0: Foul Ball, location: 2F 0-1: Called Strike 0-2: Ball 1-2: Ball 2-2: SINGLE (Line Drive, 4D)
|
Batting: SHB Brandon Hathaway
|
0-0: Ball 1-0: Ball 2-0: Foul Ball, location: 2F 2-1: Called Strike 2-2: Ball 3-2: Base on Balls Quinn Webb to second
|
Pitching: RHP Marcos Lozano
|
|
Batting: RHB Rafael Martínez
|
0-0: Called Strike Brandon Hathaway is caught stealing 2nd base 0-1: Swinging Strike 0-2: Ball 1-2: Ball 2-2: Strikes out swinging
|
Batting: RHB Tim Lee
|
0-0: Called Strike 0-1: Ball 1-1: Fly out, F7 (Flyball, 78M)
|
Top of the 6th over - 0 run(s), 1 hit(s), 0 error(s), 1 left on base; Evans HS 1 - Bishop Verot HS 8 |
BOTTOM OF THE 6TH |
Bishop Verot HS batting - Pitching for Evans HS Knights : RHP Rob Beck
|
Batting: RHB Stuart Mitchell
|
0-0: Ball 1-0: Called Strike 1-1: SINGLE (Groundball, 15S) (infield hit)
|
Batting: RHB Brian Bailey
|
0-0: Foul Ball, location: 2F 0-1: Called Strike 0-2: Hit by Pitch Stuart Mitchell to second
|
Batting: RHB Chris Seals
|
0-0: Ball 1-0: Called Strike 1-1: Ball 2-1: Ball 3-1: Base on Balls Stuart Mitchell to third Brian Bailey to second
|
Batting: RHB Carlos Sánchez
|
0-0: Foul Ball, location: 2F 0-1: Called Strike 0-2: Ball 1-2: Strikes out swinging
|
Batting: RHB George Lutz
|
0-0: Fly out, F8 (Flyball, 8LM)
|
Batting: RHB Carson Allen
|
0-0: Fly out, F8 (Flyball, 8LM)
|
Bottom of the 6th over - 0 run(s), 1 hit(s), 0 error(s), 3 left on base; Evans HS 1 - Bishop Verot HS 8 |
TOP OF THE 7TH |
Evans HS Knights batting - Pitching for Bishop Verot HS : RHP Marcos Lozano
|
Batting: LHB Nick Weber
|
0-0: Fly out, F2 (Popup, 2LF)
|
Batting: LHB Billy Raymond
|
0-0: Called Strike 0-1: Called Strike 0-2: Foul Ball, location: 2F 0-2: Ball 1-2: Foul Ball, location: 2F 1-2: Ground out 4-3 (Groundball, 34)
|
Batting: LHB Gerald Murphy
|
0-0: Swinging Strike 0-1: Foul Ball, location: 2F 0-2: Ball 1-2: Ball 2-2: Ball 3-2: Reached on error, E6 (Groundball, 6M)
|
Batting: RHB Harvey Mawhinney
|
0-0: Foul Ball, location: 2F 0-1: Called Strike 0-2: Strikes out swinging
|
Top of the 7th over - 0 run(s), 0 hit(s), 1 error(s), 1 left on base; Evans HS 1 - Bishop Verot HS 8 |
BOTTOM OF THE 7TH |
Bishop Verot HS batting - Pitching for Evans HS Knights : RHP Rob Beck
|
Pitching: RHP Chris Crews
|
|
Batting: LHB Jim Hall
|
0-0: SOLO HOME RUN (Flyball, 9LD), Distance : 337 ft
|
Batting: LHB Pedro Padilla
|
0-0: Called Strike 0-1: Ball 1-1: Ground out 6-3 (Groundball, 6M)
|
Batting: RHB Bob Fitzgerald
|
0-0: Called Strike 0-1: Foul Ball, location: 2F 0-2: Ball 1-2: Fly out, F2 (Popup, 2LF)
|
Batting: RHB Stuart Mitchell
|
0-0: Swinging Strike 0-1: Foul Ball, location: 2F 0-2: Ground out 5-3 (Groundball, 5S)
|
Bottom of the 7th over - 1 run(s), 1 hit(s), 0 error(s), 0 left on base; Evans HS 1 - Bishop Verot HS 9 |
TOP OF THE 8TH |
Evans HS Knights batting - Pitching for Bishop Verot HS : RHP Marcos Lozano
|
Pitching: RHP Tim Randell
|
|
Batting: SHB Bryan Atkins
|
0-0: Called Strike 0-1: Foul Ball, location: 2F 0-2: Ball 1-2: DOUBLE (Line Drive, 7LS)
|
Batting: LHB Quinn Webb
|
0-0: Swinging Strike 0-1: Ball 1-1: Foul Ball, location: 2F 1-2: Strikes out swinging
|
Batting: SHB Brandon Hathaway
|
0-0: Called Strike 0-1: Foul Ball, location: 2F 0-2: Strikes out looking
|
Batting: RHB Rafael Martínez
|
0-0: Ball 1-0: Ball 2-0: Ball 3-0: Called Strike 3-1: 2-RUN HOME RUN (Line Drive, 7D), Distance : 375 ft
|
Batting: RHB Tim Lee
|
0-0: Ball 1-0: Ball 2-0: Foul Ball, location: 2F 2-1: Fly out, F7 (Flyball, 78M)
|
Top of the 8th over - 2 run(s), 2 hit(s), 0 error(s), 0 left on base; Evans HS 3 - Bishop Verot HS 9 |
BOTTOM OF THE 8TH |
Bishop Verot HS batting - Pitching for Evans HS Knights : RHP Chris Crews
|
Batting: RHB Brian Bailey
|
0-0: Foul Ball, location: 2F 0-1: Ground out 6-3 (Groundball, 6)
|
Batting: RHB Chris Seals
|
0-0: Swinging Strike 0-1: Called Strike 0-2: Foul Ball, location: 2F 0-2: Foul Ball, location: 2F 0-2: Strikes out looking
|
Batting: RHB Carlos Sánchez
|
0-0: Ball 1-0: Ball 2-0: Ball 3-0: Base on Balls
|
Batting: RHB George Lutz
|
0-0: Swinging Strike 0-1: Swinging Strike 0-2: Foul Ball, location: 2F 0-2: Ball 1-2: Strikes out swinging
|
Bottom of the 8th over - 0 run(s), 0 hit(s), 0 error(s), 1 left on base; Evans HS 3 - Bishop Verot HS 9 |
TOP OF THE 9TH |
Evans HS Knights batting - Pitching for Bishop Verot HS : RHP Tim Randell
|
Batting: LHB Nick Weber
|
0-0: Ball 1-0: Reached on error, E4 (Groundball, 4)
|
Batting: LHB Billy Raymond
|
0-0: Called Strike 0-1: Foul Ball, location: 2F 0-2: Ball 1-2: Ball 2-2: Ball 3-2: Strikes out looking Nick Weber is caught stealing 2nd base Batter strikes out.
|
Batting: LHB Gerald Murphy
|
0-0: Ball 1-0: Ball 2-0: DOUBLE (Flyball, 8LXD)
|
Batting: RHB Harvey Mawhinney
|
0-0: Ball 1-0: Called Strike 1-1: Called Strike 1-2: DOUBLE (Flyball, 78M) Gerald Murphy scores
|
Pitching: LHP Tommy Henderson
|
|
Batting: SHB Bryan Atkins
|
0-0: Ball 1-0: Ball 2-0: Called Strike 2-1: Fly out, F8 (Line Drive, 8LS)
|
Top of the 9th over - 1 run(s), 2 hit(s), 1 error(s), 1 left on base; Evans HS 4 - Bishop Verot HS 9 |
|